 Dungeon Crawl Stone Soup version 0.19-a0-1268-g6c5d9f8 (webtiles) character file.

10275 st0uf the Geomancer (level 11, -4/64 HPs)
             Began as a Gargoyle Earth Elementalist on Aug 29, 2016.
             Was an Elder of Vehumet.
             Slain by a demonic crawler (8 damage)
             ... summoned by a deep elf mage
             ... in a volcano.
             The game lasted 01:21:19 (12838 turns).

st0uf the Geomancer (Gargoyle Earth Elementalist)  Turns: 12838, Time: 01:21:19

Health: -4/64      AC: 18    Str: 11    XL:     11   Next: 59%
Magic:  15/21      EV: 13    Int: 24    God:    Vehumet [****..]
Gold:   384        SH:  5    Dex: 10    Spells: 6 memorised, 0 levels left

rFire  + + .     SeeInvis +     f - +2 flail (protect)
rCold  + + +     Gourm    .     c - +0 robe
rNeg   + . .     Faith    .     m - +0 buckler
rPois  ∞         Spirit   .     T - +0 helmet
rElec  +         Dismiss  .     F - +0 cloak
rCorr  +         Reflect  .     Y - +0 pair of gloves
MR     .....     Harm     .     (no boots)
Stlth  ++........               (no amulet)
                                D - ring of see invisible
                                W - ring "Batusk" {rF+ rC++ Int+4}

@: about to teleport, resistant, drained
A: negative energy resistance 1, electricity resistance, unbreathing,
petrification resistance, rot immunity, AC +7
a: Renounce Religion


You were in a volcano.
You worshipped Vehumet.
Vehumet was greatly pleased with you.
You were not hungry.

You visited 3 branches of the dungeon, and saw 12 of its levels.
You also visited: Ossuary and Volcano.

You collected 384 gold pieces.

Inventory:

Hand Weapons
 f - a +2 flail of protection (weapon)
Missiles
 b - 221 stones (quivered)
Armour
 c - a +0 robe (worn)
 m - a +0 buckler (worn)
 F - a +0 cloak (worn)
 T - a +0 helmet (worn)
 Y - a +0 pair of gloves (worn)
Magical Staves
 g - an uncursed staff of cold
Jewellery
 v - an uncursed ring of protection from magic
 D - a ring of see invisible (right hand)
 W - the ring "Batusk" (left hand) {rF+ rC++ Int+4}
   (You found it on level 8 of the Dungeon)

   [ring of protection from fire]

   It affects your intelligence (+4).
   It protects you from fire.
   It greatly protects you from cold.
Scrolls
 k - 3 scrolls of immolation
 n - 3 scrolls of remove curse
 p - 2 scrolls of teleportation
 t - a scroll of random uselessness {unknown}
 y - a scroll of recharging
 C - a scroll of noise {unknown}
 G - 3 scrolls of fear
 H - a scroll of acquirement
 I - a scroll of blinking {unknown}
 K - 2 scrolls of silence
 L - 3 scrolls of amnesia
 R - a scroll of holy word
Potions
 a - 2 potions of agility
 l - 3 potions of ambrosia
 q - 2 potions of lignification
 u - 2 potions of curing
 x - 3 potions of mutation {unknown}
 z - a potion of flight {unknown}
 A - a potion of brilliance {unknown}
 E - a potion of invisibility {unknown}
 O - a potion of berserk rage {unknown}
 S - 2 potions of haste {unknown}
 Z - a potion of might {unknown}
Books
 e - a book of Geomancy

   Spells                             Type                      Level
   a - Sandblast                      Earth                        1
   b - Passwall                       Transmutation/Earth          2
   c - Stone Arrow                    Conjuration/Earth            3
   d - Petrify                        Transmutation/Earth          4
   e - Lee's Rapid Deconstruction     Earth                        5
 w - a book of the Earth

   Spells                             Type                      Level
   a - Leda's Liquefaction            Hexes/Earth                  4
   b - Bolt of Magma                  Conjuration/Fire/Earth       5
   c - Statue Form                    Transmutation/Earth          6
   d - Iron Shot                      Conjuration/Earth            6
   e - Shatter                        Earth                        9
Comestibles
 d - 7 bread rations


   Skills:
 + Level 6.1(5.8) Fighting
 + Level 4.7(4.5) Maces & Flails
 + Level 5.3(5.1) Armour
 + Level 4.8(4.6) Dodging
 - Level 2.1(1.9) Stealth
 + Level 5.3(5.0) Shields
 + Level 7.1(6.9) Spellcasting
 + Level 7.6(7.3) Conjurations
   Level 0.7(0.5) Transmutations
 + Level 3.4(3.1) Fire Magic
 + Level 9.9(9.6) Earth Magic
 + Level 2.0(1.7) Evocations


You couldn't memorise any spells.
You knew the following spells:

 Your Spells              Type           Power        Failure   Level  Hunger
a - Sandblast             Erth           ######       1%          1    None
b - Stone Arrow           Conj/Erth      #####.       1%          3    None
c - Iron Shot             Conj/Erth      #####.....   11%         6    ######.
d - Lee's Rapid Deconstr  Erth           ######....   1%          5    #####..
e - Bolt of Magma         Conj/Fire/Erth #####.....   4%          5    #####..
f - Sticky Flame          Conj/Fire      ####....     3%          4    ###....


Dungeon Overview and Level Annotations

Branches:
Dungeon (9/15)             Temple (1/1) D:4            Lair (2/6) D:9
 Shoals (0/4) Lair:2       Spider (0/4) Lair:2
    Orc: D:9-12

Altars:
Ashenzari
Cheibriados
Dithmenos
Elyvilon
Fedhas
Gozag
Hepliaklqana
Kikubaaqudgha
Makhleb
Nemelex Xobeh
Okawaru
Qazlal
Ru
Sif Muna
Trog
Uskayaw
Vehumet
Xom
Yredelemnul
Zin
The Shining One


Innate Abilities, Weirdness & Mutations

You are resistant to torment.
Your stone body is resilient. (AC +7)
You are immune to poison.
You resist negative energy. (rN+)
You are resistant to electric shocks. (rElec)
You can survive without breathing.
You are immune to petrification.
You are immune to rotting.


Message History

You feel strangely unstable.
In the distance, the volcano erupts with a roar.
The jumping spider pounces on you.
* * * LOW HITPOINT WARNING * * *
The jumping spider closely misses you. The demonic crawler barely misses you.
The demonic crawler misses you.
The demonic crawler hits you but does no damage.
The jumping spider pounces on you!
* * * LOW HITPOINT WARNING * * *
The jumping spider bites you but does no damage.
Magic courses through your body. The demonic crawler misses you.
The demonic crawler hits you.
* * * LOW HITPOINT WARNING * * *
You block the demonic crawler's attack. The jumping spider misses you.
You block the jumping spider's attack.
The demonic crawler hits you but does no damage.
The demonic crawler barely misses you. The demonic crawler misses you.
You feel protected.
The jumping spider leaps!
The demonic crawler hits you!
You die...

≈≈≈≈≈≈≈ ≈≈≈≈≈≈≈
≈≈≈≈≈≈≈ ####
≈≈≈≈≈≈≈ #s@##
≈≈≈≈≈≈≈ ####§#
≈≈≈≈≈≈≈##').##
≈≈≈≈≈≈≈#^.#####≈
≈≈≈≈≈≈≈........≈≈
≈≈≈≈≈.≈........≈.
≈≈≈≈≈≈s..####..≈≈
≈≈≈≈≈.≈.## .≈≈
≈≈≈≈≈≈s.# .≈


You could see a demonic crawler.

Vanquished Creatures
  A hydra (Lair:1)
  Psyche (D:9)
  An elephant (D:8)
  2 spiny frogs (Lair:1)
  Grinder (D:3)
  2 two-headed ogres
  A troll (D:9)
  4 blink frogs
  8 yaks
  2 steam dragons
  A hippogriff (Lair:1)
  5 water moccasins
  2 hell hounds (Lair:2)
  A porcupine (Lair:2)
  2 orc warriors
  2 sky beasts (D:8)
  An ice beast (D:5)
  A phantom (D:5)
  4 centaurs
  4 ogres
  6 wolves (Lair:1)
  3 crocodiles
  A big kobold (D:8)
  6 giant frogs
  A scorpion (D:4)
  5 wights (D:8)
  2 howler monkeys
  A centaur zombie (Ossuary)
  4 crimson imps
  A quasit (D:8)
  3 giant frog zombies
  6 hounds
  3 jellies
  A centaur skeleton (D:4)
  5 orc priests
  5 orc wizards
  Crazy Yiuf (D:4)
  Jessica (D:2)
  2 gnoll shamans
  8 iguanas
  5 worker ants
  Ijyb (D:3)
  A killer bee zombie (D:5)
  3 big kobold zombies (Ossuary)
  A hound zombie (D:5)
  A hound skeleton (D:7)
  4 mummies (Ossuary)
  Robin (D:2)
  8 adders
  5 gnolls (D:6)
  14 river rats (Lair:1)
  2 shadow imps (D:9)
  3 oozes
  2 adder skeletons (D:4)
  3 worms
  5 dart slugs
  10 giant geckos
  24 orcs
  2 ball pythons
  7 giant cockroaches
  17 goblins
  9 hobgoblins
  22 jackals
  15 kobolds
  3 quokkas
  5 bats
  A giant gecko skeleton (D:5)
  3 giant newts
  3 hobgoblin zombies (Ossuary)
  A jackal skeleton (D:4)
  A quokka zombie (D:6)
  19 rats
312 creatures vanquished.

Vanquished Creatures (others)
  An orc warrior (Volcano)
  A centaur (Volcano)
  3 fungi (Lair:1)
  A plant (Lair:1)
6 creatures vanquished.

Grand Total: 318 creatures vanquished

Notes
Turn   | Place    | Note
-------+----------+-------------------------------------------
     0 | D:1      | st0uf the Gargoyle Earth Elementalist began the quest for the Orb.
     0 | D:1      | Reached XP level 1. HP: 10/10 MP: 3/3
   122 | D:1      | Reached skill level 4 in Earth Magic
   122 | D:1      | Reached XP level 2. HP: 15/15 MP: 3/5
   598 | D:1      | Reached XP level 3. HP: 19/19 MP: 3/6
  1512 | D:2      | Noticed Robin
  1524 | D:2      | Killed Robin
  1524 | D:2      | Reached XP level 4. HP: 18/24 MP: 0/8
  1816 | D:2      | Found an opulent altar of Gozag.
  1816 | D:2      | Found a bloodstained altar of Trog.
  1921 | D:2      | Learned a level 3 spell: Stone Arrow
  1925 | D:2      | Found a blossoming altar of Fedhas.
  1977 | D:2      | Noticed Jessica
  1980 | D:2      | Killed Jessica
  2131 | D:2      | Reached skill level 5 in Earth Magic
  2198 | D:2      | Reached skill level 1 in Conjurations
  2218 | D:2      | Reached XP level 5. HP: 23/28 MP: 6/10
  2645 | D:2      | Learned a level 2 spell: Passwall
  2945 | D:3      | Noticed Grinder
  3071 | D:3      | Noticed Ijyb
  3112 | D:3      | Killed Ijyb
  3310 | D:3      | Reached XP level 6. HP: 32/32 MP: 8/12
  3471 | D:3      | Killed Grinder
  3471 | D:3      | Reached skill level 6 in Earth Magic
  3471 | D:3      | Reached XP level 7. HP: 29/36 MP: 6/13
  3560 | D:4      | Found a staircase to the Ecumenical Temple.
  3576 | Temple   | Entered the Ecumenical Temple
  3712 | D:4      | Found a runed door.
  3895 | D:4      | Reached skill level 7 in Earth Magic
  4081 | D:4      | Reached skill level 5 in Spellcasting
  4186 | D:4      | Found a sparkling altar of Nemelex Xobeh.
  4525 | D:4      | Noticed Crazy Yiuf
  4527 | D:4      | Killed Crazy Yiuf
  4527 | D:4      | Reached XP level 8. HP: 41/41 MP: 8/15
  4543 | D:4      | Learned a level 5 spell: Lee's Rapid Deconstruction
  4729 | D:5      | Entered Level 5 of the Dungeon
  4903 | D:5      | Reached skill level 1 in Fighting
  4903 | D:5      | Reached skill level 1 in Armour
  4930 | D:5      | Found a radiant altar of Vehumet.
  4938 | D:5      | Became a worshipper of Vehumet
  5460 | D:5      | Reached skill level 1 in Shields
  5484 | D:5      | Reached skill level 1 in Maces & Flails
  5494 | D:5      | Reached skill level 5 in Conjurations
  5962 | D:6      | You fall through a shaft for 2 floors!
  5979 | D:8      | Reached skill level 8 in Earth Magic
  5979 | D:8      | Reached XP level 9. HP: 43/49 MP: 7/17
  5987 | D:8      | Reached * piety under Vehumet
  5987 | D:8      | Offered knowledge of Shock by Vehumet.
  6692 | D:7      | You fall through a shaft for 2 floors!
  6900 | D:7      | Found a glowing golden altar of the Shining One.
  6926 | D:7      | Found a sand-covered staircase.
  6935 | Ossuary  | Entered an ossuary
  7587 | D:7      | Offered knowledge of Flame Tongue by Vehumet.
  7812 | D:6      | Reached ** piety under Vehumet
  8602 | D:8      | Got a translucent lapis lazuli ring
  8634 | D:8      | Reached XP level 10. HP: 46/58 MP: 6/19
  8731 | D:8      | Found a white marble altar of Elyvilon.
  8952 | D:9      | Learned a level 5 spell: Bolt of Magma
  8972 | D:9      | Noticed Psyche
  8975 | D:9      | Killed Psyche
  8975 | D:9      | Reached skill level 1 in Fire Magic
  9105 | D:9      | Offered knowledge of Dazzling Spray by Vehumet.
  9320 | D:9      | Reached skill level 9 in Earth Magic
  9475 | D:9      | Reached *** piety under Vehumet
  9971 | D:9      | Reached skill level 5 in Fighting
 10336 | D:9      | Found a staircase to the Lair.
 10337 | D:9      | Noticed an elephant
 10380 | D:8      | Killed an elephant
 10380 | D:8      | Offered knowledge of Sticky Flame by Vehumet.
 10386 | D:8      | Learned a level 4 spell: Sticky Flame
 10606 | D:9      | Reached skill level 1 in Evocations
 10788 | D:9      | Found a sacrificial altar of Ru.
 10927 | Lair:1   | Entered Level 1 of the Lair of Beasts
 11184 | Lair:1   | Reached XP level 11. HP: 50/64 MP: 4/21
 11404 | Lair:1   | Reached skill level 5 in Shields
 11613 | Lair:1   | Noticed a seven-headed hydra
 11618 | Lair:1   | Reached skill level 5 in Armour
 11678 | Lair:1   | Identified the ring "Batusk" {rF+ rC++ Int+4} (You found it on level 8 of the Dungeon)
 11788 | Lair:1   | Reached **** piety under Vehumet
 12080 | Lair:1   | Offered knowledge of Olgreb's Toxic Radiance by Vehumet.
 12370 | Lair:1   | Killed a seven-headed hydra
 12592 | Lair:2   | Identified 2 scrolls of acquirement
 12643 | Lair:2   | Found a dark tunnel.
 12746 | Volcano  | Entered a volcano
 12762 | Volcano  | Learned a level 6 spell: Iron Shot
 12807 | Volcano  | Noticed a deep elf mage
 12838 | Volcano  | Slain by a demonic crawler

Vault maps used:
D:1:      grunt_arrival_lava_bath, serial_bayou_pond_e, minmay_rat_gold_closets
D:2:      nicolae_overflow_hidden_temple, gammafunk_temple_overflow_pools,
          minmay_statues_item, uniq_robin, uniq_jessica
D:3:      uniq_grinder, uniq_iyjb
D:4:      first_bread, nemelex_xobeh_ov_fountains_minmay,
          uniq_crazy_yiuf_cottage
D:5:      overflow_temple_1_default
D:6:      grunt_decor_fettered
D:7:      nicolae_ossuary_entry_ruins, basic_altar
D:8:      kennysheep_mini
D:9:      lemuel_round_altar, david_lair_generic, grunt_ogre_cave,
          grunt_ministairs_14, uniq_psyche
Temple:   regret_index_temple_waves
Lair:2:   elwin_shoals_entry_rocks, dummy_spider_entry, enter_volcano_3,
          st_stairs_7, grunt_megastairs_2
Ossuary:  ossuary_the_hunt_dpeg
Volcano:  volcano_village

Skill      XL: |  1  2  3  4  5  6  7  8  9 10 11 |
---------------+----------------------------------+-----
Earth Magic    | 4 5 6 7 8 9 |  9.9
Spellcasting   | 3 4 5 6 7 |  7.1
Conjurations   | 1 2 3 4 5 6 7 |  7.6
Fighting       | 2 4 5 6 |  6.1
Armour         | 2 3 4 5 |  5.3
Dodging        | 2 3 4 |  4.8
Shields        | 2 3 4 5 |  5.3
Maces & Flails | 1 2 4 |  4.7
Fire Magic     | 2 3 |  3.4
Evocations     | 1 2 |  2.0
Stealth        | |  2.1
Transmutations | |  0.7

Action                   |  1- 3 |  4- 6 |  7- 9 | 10-12 || total
-------------------------+-------+-------+-------+-------++-------
Melee: Club              |    14 |       |       |       ||    14
       Mace              |    31 |   118 |   161 |   113 ||   423
       Flail             |       |       |       |     5 ||     5
 Cast: Sandblast         |    67 |    86 |   129 |    63 ||   345
       Passwall          |       |     2 |     3 |       ||     5
       Stone Arrow       |       |       |    89 |    94 ||   183
       Lee's Rapid Decon |       |       |     1 |     6 ||     7
       Sticky Flame      |       |       |       |    10 ||    10
  Use: Scroll            |       |       |     2 |    21 ||    23
       Potion            |       |       |       |     2 ||     2
 Stab: Sleeping          |     1 |     1 |     1 |       ||     3
  Eat: Chunk             |     2 |     7 |    16 |    14 ||    39
       Royal jelly       |       |       |     1 |       ||     1
       Pizza             |       |       |     1 |       ||     1
       Bread ration      |       |       |       |     1 ||     1
Armor: Robe              |    25 |    57 |    97 |   106 ||   285
Dodge: Dodged            |    51 |   111 |   190 |   152 ||   504
Block: Buckler           |       |       |       |    54 ||    54
